 Dungeon Crawl Stone Soup version 0.19.3-4-gbf9329e (webtiles) character file.

25 Jerry the Ruffian (level 3, -1/26 HPs)
             Began as an Octopode Berserker on Jan 30, 2017.
             Was a Follower of Trog.
             Engulfed by a cloud of flame (27 damage)
             ... on level 2 of the Dungeon.
             The game lasted 00:02:25 (1366 turns).

Jerry the Ruffian (Octopode Berserker)              Turns: 1366, Time: 00:02:25

Health: -1/26      AC:  1    Str: 16    XL:     3   Next: 4%
Magic:  3/3        EV: 14    Int:  9    God:    Trog [*.....]
Gold:   40         SH:  0    Dex: 12    Spells: 0 memorised, 2 levels left

rFire  . . .     SeeInvis .     b - +1 dagger (speed)
rCold  . . .     Gourm    .     (no shield)
rNeg   . . .     Faith    .     (helmet restricted)
rPois  .         Spirit   .     m - amulet of rage
rElec  .         Reflect  .     (no ring)
rCorr  .         Harm     .     (no ring)
MR     .....                    (no ring)
Stlth  ++........               (no ring)
                                (no ring)
                                (no ring)
                                (no ring)
                                (no ring)

@: no status effects
A: almost no armour, stealthy swim, amphibious, 8 rings, constrict 8, camouflage
1, gelatinous body 1
a: Berserk, Burn Spellbooks, Renounce Religion, Evoke Berserk Rage


You were on level 2 of the Dungeon.
You worshipped Trog.
Trog was aware of your devotion.
You were not hungry.

You visited 1 branch of the dungeon, and saw 2 of its levels.

You collected 40 gold pieces.

Inventory:

Hand Weapons
 b - a +1 dagger of speed (weapon)
Jewellery
 m - an amulet of rage (around mantle)
Scrolls
 e - a scroll of enchant armour {unknown}
 g - a scroll of identify {unknown}
 i - a scroll of magic mapping {unknown}
 l - 2 scrolls of enchant weapon {unknown}
Potions
 h - a potion of agility {unknown}
 n - 3 potions of curing {unknown}
Comestibles
 a - 2 bread rations
 c - 3 meat rations
 d - a slice of pizza
 f - 2 beef jerkies
 j - a fruit


   Skills:
 + Level 3.3 Fighting
 + Level 3.1 Dodging
 + Level 0.8 Stealth
 * Level 3.6 Unarmed Combat


You had 2 spell levels left.
You didn't know any spells.

Dungeon Overview and Level Annotations

Branches:
Dungeon (2/15)

Altars:
Ashenzari
Cheibriados
Dithmenos
Hepliaklqana
Kikubaaqudgha
Nemelex Xobeh
Okawaru
Vehumet
Xom


Innate Abilities, Weirdness & Mutations

You cannot wear most types of armour.
You are very stealthy in the water. (Stealth+)
You are amphibious.
You can wear up to eight rings at the same time.
You can use your tentacles to constrict eight enemies at once.
Your skin changes colour to match your surroundings (Stealth+).
Your rubbery body absorbs attacks. (AC +1, EV +1)


Message History

Found a rapier.
There is a stone staircase leading down here.
A frilled lizard comes into view.
A frilled lizard is nearby!
The frilled lizard hisses angrily.
The frilled lizard completely misses you.
You closely miss the frilled lizard. You grab the frilled lizard.
You squeeze the frilled lizard.
You kill the frilled lizard!
Trog accepts your kill.
No target in view!
No target in view!
There is a stone staircase leading down here.
There is a stone staircase leading down here.
You now have 40 gold pieces (gained 10).
Found a radiant altar of Vehumet.
Really walk into a travel-excluded area?
You are engulfed in roaring flames.
Ouch! That really hurt!
You die...

#.########.# ###.#
#.# ..#.########.#
.............#
#............######
..................#
).#.........#####.#
..##........#
###.###
).#..########
#.@§..# .....#
#..§.§.# #...##
#..._§§# ...####
#..§.§.# .......
..§....# .......
..###.#.# .......
... #...# .......
.... .### .......


There were no monsters in sight!

Vanquished Creatures
  A dart slug (D:2)
  2 leopard geckos (D:1)
  2 giant cockroaches (D:1)
  2 goblins
  4 kobolds (D:1)
  3 bats
  4 frilled lizards
  3 rats
21 creatures vanquished.

Notes
Turn   | Place    | Note
-------+----------+-------------------------------------------
     0 | D:1      | Jerry the Octopode Berserker began the quest for the Orb.
     0 | D:1      | Reached XP level 1. HP: 16/16 MP: 1/1
    36 | D:1      | Found a shattered altar of Ashenzari.
   237 | D:1      | Reached XP level 2. HP: 16/21 MP: 2/2
   746 | D:2      | Found an iron altar of Okawaru.
   785 | D:2      | Found a shimmering altar of Xom.
   787 | D:2      | Found a shadowy altar of Dithmenos.
   789 | D:2      | Found a hazy altar of Hepliaklqana.
   794 | D:2      | Found an ancient bone altar of Kikubaaqudgha.
   794 | D:2      | Found a sparkling altar of Nemelex Xobeh.
   795 | D:2      | Found a snail-covered altar of Cheibriados.
   998 | D:2      | Reached XP level 3. HP: 23/26 MP: 3/3
  1363 | D:2      | Found a radiant altar of Vehumet.
  1366 | D:2      | Engulfed by a cloud of flame

Action                   || total
-------------------------++-------
Melee: Dagger            ||    41
       Constrict         ||    11
       Tentacles         ||     7
       Punch             ||     1
 Stab: Sleeping          ||     2
  Eat: Chunk             ||     1
Dodge: Dodged            ||    24
